 Dungeon Crawl Stone Soup version 0.28.0-53-g5a82cb258f (webtiles) character file.

Game seed: 5092577513685868853

3214 jiml777 the Thaumaturge (level 9, -2/49 HPs)
             Began as a Deep Elf Air Elementalist on June 15, 2022.
             Was an Initiate of Gozag.
             Slain by a six-headed hydra (7 damage)
             ... on level 7 of the Dungeon on June 16, 2022.
             The game lasted 01:02:21 (10333 turns).

jiml777 the Thaumaturge (DEAE)                     Turns: 10333, Time: 01:02:23

Health: -2/49      AC: 12    Str:  9      XL:     9   Next: 65%
Magic:  25/25      EV: 14    Int: 31 (35) God:    Gozag
Gold:   203        SH:  0    Dex: 19      Spells: 18/28 levels left

rFire   . . .      SeeInvis .   w - staff of conjuration
rCold   . . .      Faith    .   (no shield)
rNeg    . . .      Spirit   .   l - +4 robe of Augmentation {Str+4 Int+4 Dex+4}
rPois   .          Reflect  .   D - +2 hat
rElec   .          Harm     .   s - scarf {+Inv}
rCorr   .          Rampage  .   e - +2 pair of gloves {Stlth+}
Will    .....                   (no boots)
Stlth   ++++......              (no amulet)
HPRegen 0.16/turn               m - +6 ring of intelligence
MPRegen 0.19/turn               (no ring)

@: sluggish, very slow
A: shaggy fur 1, wild magic 1
a: Renounce Religion, Evoke Invisibility, Potion Petition, Call Merchant, Bribe
Branch


You were on level 7 of the Dungeon.
You worshipped Gozag.
Gozag was aware of your devotion.
You visited 1 branch of the dungeon, and saw 8 of its levels.

You collected 615 gold pieces.
You spent 301 gold pieces at shops.
You paid 111 gold pieces to Gozag.

Inventory:

Hand Weapons
 j - a +2 dagger of holy wrath
 n - a +4 dagger of draining
 o - a +4 flail of freezing
 p - a +4 scimitar
Missiles
 d - 75 arrows
 f - 139 stones
 q - 36 sling bullets
 u - 6 poisoned darts
Armour
 e - a +2 pair of gloves of stealth (worn)
 l - the +4 robe of Augmentation (worn) {Str+4 Int+4 Dex+4}
   (You found it on level 4 of the Dungeon)

   Str:       It affects your strength (+4).
   Int:       It affects your intelligence (+4).
   Dex:       It affects your dexterity (+4).
 s - a scarf of invisibility (worn)
 C - a +1 buckler
 D - a +2 hat (worn)
Magical Staves
 w - a staff of conjuration (weapon)
Jewellery
 m - a +6 ring of intelligence (left hand)
Wands
 v - a wand of mindburst (7)
 B - a wand of iceblast (13)
 E - a wand of acid (7)
Scrolls
 a - 3 scrolls of identify
 c - a scroll of holy word
 g - a scroll of amnesia
 r - a scroll of magic mapping
 t - a scroll of fear
 y - a scroll of teleportation
 z - a scroll of brand weapon
 A - 2 scrolls of summoning
Potions
 b - a potion of haste
 h - 4 potions of curing
 k - a potion of berserk rage
 x - a potion of brilliance


   Skills:
 * Level 2.9 Fighting
 + Level 3.9 Dodging
 + Level 4.4 Stealth
 * Level 1.2 Shields
 + Level 10.4 Spellcasting
 * Level 5.6 Conjurations
 + Level 7.1 Air Magic
 + Level 5.0 Invocations
 * Level 1.6 Evocations


You had 18 spell levels left.
You knew the following spells:

 Your Spells              Type           Power      Damage    Failure   Level
a - Shock                 Conj/Air       100%       1d9       1%          1
b - Static Discharge      Conj/Air       83%        N/A       1%          2
c - Swiftness             Air            67%        N/A       1%          3
d - Airstrike             Air            33%        N/A       3%          4

Your spell library contained the following spells:

 Spells                   Type           Power      Damage    Failure   Level


Dungeon Overview and Level Annotations

Branches:
Dungeon (8/15)             Temple (0/1) D:6
   Lair: D:8-11

Altars:
Elyvilon
Fedhas
Gozag
Kikubaaqudgha
Sif Muna
Uskayaw
Yredelemnul

Shops:
D:7 [[:*


Innate Abilities, Weirdness & Mutations

You are covered in fur. (AC +1)
Your spells are a little harder to cast, but a little more powerful.


Message History

The six-headed hydra is moderately wounded.
Aiming: Corrosive Bolt
Press: ? - help, Shift-Dir - straight line, f/p - six-headed hydra
Aim: a six-headed hydra (moderately wounded, covered in acid, 90% to hit)
The bolt of acid hits the six-headed hydra!
The six-headed hydra is moderately wounded.
Aiming: Corrosive Bolt
Press: ? - help, Shift-Dir - straight line, f/p - six-headed hydra
Aim: a six-headed hydra (moderately wounded, covered in acid, 90% to hit)
The bolt of acid hits the six-headed hydra!
The six-headed hydra seems to be corroded for longer.
The six-headed hydra is heavily wounded.
Casting: Swiftness (safe; 1% risk of failure)
Confirm with . or Enter, or press ? or * to list all spells.
Okay, then.
Casting: Swiftness (safe; 1% risk of failure)
Confirm with . or Enter, or press ? or * to list all spells.
Okay, then.
Unknown command.
You start to feel a little slower.
The six-headed hydra is no longer covered in acid.
Aiming: Corrosive Bolt
Press: ? - help, Shift-Dir - straight line, f/p - six-headed hydra
Aim: a six-headed hydra (moderately wounded, 90% to hit)
The bolt of acid misses the six-headed hydra.
You feel sluggish.
There is an open door here.
You see here a +0 flail.
The six-headed hydra barely misses you. The six-headed hydra bites you.
The six-headed hydra closely misses you.
The six-headed hydra bites you! The six-headed hydra misses you.
The six-headed hydra closely misses you.
The six-headed hydra bites you! x2
* * * LOW HITPOINT WARNING * * *
The six-headed hydra closely misses you. x2
The six-headed hydra bites you.
* * * LOW HITPOINT WARNING * * *
The six-headed hydra bites you!
You die...
Your body crumbles into a pile of gold.

#######.#.#
###########.[.......#
............#####.#######
........................#
............######.####.#
........................#
....##.....#######.######
....##.....###.D.#.#
....##.....'.)[#@..#
....##.....###)#.#.#######
....++>....# #.#..<#.....#
....##.....###)#####.###.#
............##.......# #.#
#...........############.#
#...........# #......#
#...........# #.#######
#...........# #.......#


You could see a six-headed hydra.

Vanquished Creatures
  Maggie (D:6)
  A yak (D:6)
  A wyvern (D:7)
  A basilisk (D:8)
  Menkaure (D:7)
  Duvessa (D:7)
  A water moccasin (D:6)
  3 necrophages
  An ogre (D:6)
  A phantom (D:6)
  2 centaurs
  2 bullfrogs (D:8)
  A gnoll sergeant (D:5)
  A scorpion (D:6)
  A water moccasin zombie (D:5)
  Dowan (D:7)
  4 wights (D:5)
  6 killer bees (D:7)
  A howler monkey (D:7)
  2 bullfrog zombies
  A centaur zombie (D:6)
  4 hounds
  2 orc priests
  A bullfrog skeleton (D:5)
  3 jellies
  Jessica (D:2)
  A gnoll shaman (D:6)
  2 iguanas (D:5)
  2 orc wizards
  5 gnolls
  7 adders
  An ufetubus (D:5)
  3 worms
  3 dart slugs
  23 orcs
  4 ball pythons
  5 bats
  8 endoplasms
  4 giant cockroaches
  3 goblins
  5 hobgoblins
  4 jackals (D:2)
  5 quokkas
  12 frilled lizards
  8 kobolds
  3 rats
153 creatures vanquished.

Vanquished Creatures (others)
  2 fungi (D:8)
  11 plants
13 creatures vanquished.

Grand Total: 166 creatures vanquished

Notes
Turn   | Place    | Note
-------+----------+-------------------------------------------
     0 | D:1      | jiml777 the Deep Elf Air Elementalist began the quest for
                  | the Orb.
     0 | D:1      | Reached XP level 1. HP: 10/10 MP: 6/6
   327 | D:1      | Reached XP level 2. HP: 15/15 MP: 5/8
  1377 | D:1      | Reached XP level 3. HP: 19/19 MP: 5/9
  2279 | D:2      | Noticed Jessica
  2281 | D:2      | Killed Jessica
  2282 | D:2      | Reached skill level 4 in Spellcasting
  2282 | D:2      | Reached XP level 4. HP: 24/24 MP: 8/12
  2993 | D:3      | Reached XP level 5. HP: 17/28 MP: 8/14
  3117 | D:3      | Found a white marble altar of Elyvilon.
  3258 | D:3      | Found a blossoming altar of Fedhas.
  3515 | D:3      | Found a faded altar of an unknown god.
  3554 | D:3      | Reached skill level 5 in Spellcasting
  3626 | D:3      | Found a basalt altar of Yredelemnul.
  3924 | D:4      | Noticed a necrophage
  3938 | D:4      | Killed a necrophage
  3939 | D:4      | Reached XP level 6. HP: 22/32 MP: 10/16
  3988 | D:4      | Found a shimmering blue altar of Sif Muna.
  4005 | D:4      | Became a worshipper of Sif Muna the Loreminder
  4227 | D:4      | Found the +4 robe of Augmentation {Str+4 Int+4 Dex+4}
  4355 | D:4      | Reached skill level 6 in Spellcasting
  4475 | D:5      | Entered Level 5 of the Dungeon
  4569 | D:5      | Reached skill level 1 in Invocations
  4580 | D:5      | Reached XP level 7. HP: 6/36 MP: 6/18
  4834 | D:5      | Found a hide-covered altar of Uskayaw.
  5300 | D:5      | Gained mutation: You are covered in fur. (AC +1) [potion of
                  | mutation]
  5300 | D:5      | Gained mutation: Your spells are a little harder to cast,
                  | but a little more powerful. [potion of mutation]
  5307 | D:5      | Learned a level 2 spell: Static Discharge
  5311 | D:5      | Learned a level 3 spell: Swiftness
  5316 | D:5      | Learned a level 4 spell: Airstrike
  5543 | D:5      | Reached skill level 7 in Spellcasting
  6195 | D:6      | Reached * piety under Sif Muna
  6196 | D:6      | Reached skill level 5 in Air Magic
  6204 | D:6      | Reached XP level 8. HP: 41/41 MP: 15/21
  6398 | D:6      | Reached skill level 8 in Spellcasting
  6456 | D:6      | Found an ancient bone altar of Kikubaaqudgha.
  6583 | D:6      | Noticed Maggie
  6607 | D:6      | Killed Maggie
  6900 | D:6      | Found an opulent altar of Gozag.
  6904 | D:6      | Fell from the grace of Sif Muna
  6904 | D:6      | Became a worshipper of Gozag Ym Sagoz the Greedy
  6923 | D:6      | Reached skill level 5 in Conjurations
  6995 | D:6      | Reached skill level 9 in Spellcasting
  7003 | D:6      | Reached skill level 5 in Invocations
  7424 | D:6      | Reached skill level 1 in Fighting
  7424 | D:6      | Reached XP level 9. HP: 40/47 MP: 7/24
  7467 | D:6      | Found a staircase to the Ecumenical Temple.
  7709 | D:7      | Noticed Menkaure
  7727 | D:7      | Killed Menkaure
  7839 | D:7      | Found Maps's Armour Shoppe.
  7851 | D:7      | Bought a +0 buckler for 45 gold pieces
  7855 | D:7      | Noticed Dowan
  7857 | D:7      | Killed Dowan
  7857 | D:7      | Noticed Duvessa
  7861 | D:7      | Killed Duvessa
  7958 | D:7      | Reached skill level 10 in Spellcasting
  8068 | D:7      | Found Hofestrus's Armour Shop.
  8075 | D:7      | Bought a +2 hat for 256 gold pieces
  8129 | D:7      | Noticed a six-headed hydra
  8507 | D:7      | Found Elyth's General Store.
  8631 | D:7      | Found Gutairyzo's Book Boutique.
  9110 | D:7      | Reached skill level 1 in Evocations
  9189 | D:8      | Reached skill level 1 in Shields
  9317 | D:8      | Noticed an elephant
  9325 | D:8      | Noticed a freezing wraith
  9515 | D:8      | Noticed a skeletal warrior
 10333 | D:7      | Slain by a six-headed hydra

Illustrated notes

Levels and vault maps discovered:
D:1:      psy_arrival_whirlpool, layout_basic
D:2:      layout_loops_ring, chequers_serial_rivers_micro_a, uniq_jessica
D:3:      layout_basic, mainiacjoe_overflow_surrounded_room,
          mainiacjoe_overflow_alcove_4, elyvilon_altar_1,
          shapermc_ecumenical_altar_totnotflames, minmay_lizard_king
D:4:      layout_rooms, mainiacjoe_overflow_six_doors_small,
          minmay_curled_crystal
D:5:      layout_loops_ring, old_standard_altar
D:6:      layout_loops_ring, kiku_gazebo_pond_becter,
          nicolae_gozag_seed_capital, temple_hall, minivault_25,
          minmay_microvault, uniq_maggie
D:7:      layout_basic, serial_shops, shop, shop, shop, nicolae_shop_trees,
          uniq_duvessa, uniq_menkaure
D:8:      layout_rooms, nicolae_overflow_hidden_temple,
          mainiacjoe_overflow_chevrons, david_lair_generic

Skill      XL: |  1  2  3  4  5  6  7  8  9 |
---------------+----------------------------+-----
Stealth        | 3 4 |  4.4
Conjurations   | 2 3 4 5 |  5.6
Spellcasting   | 4 5 6 7 9 10 | 10.4
Air Magic      | 4 5 6 7 |  7.1
Invocations    | 2 3 5 |  5.0
Dodging        | 3 |  3.9
Fighting       | 1 2 |  2.9
Evocations     | 1 |  1.6
Shields        | 1 |  1.2

Action                   |  1- 3 |  4- 6 |  7- 9 || total
-------------------------+-------+-------+-------++-------
Melee: Unarmed           |     2 |       |       ||     2
       Dagger            |     2 |     4 |       ||     6
       Staff             |       |       |     3 ||     3
 Cast: Shock             |    64 |    84 |   122 ||   270
       Airstrike         |       |       |    50 ||    50
       Swiftness         |       |       |     5 ||     5
Evoke: Wand              |       |       |     4 ||     4
  Use: Scroll            |     3 |     9 |     8 ||    20
       Potion            |       |       |     3 ||     3
Armor: Robe              |     5 |     7 |    35 ||    47
Dodge: Dodged            |    22 |    19 |    77 ||   118
